 Seeded DCSS version 0.30.1-3-gfc49f6343a (webtiles) character file.

Game seed: 6351066067085065685 (custom seed)

66859 Esekla the Eclecticist (level 14, -2/84 HPs)
             Began as a Deep Elf Necromancer on July 26, 2023.
             Was a High Priest of Vehumet.
             Killed from afar by Azrael (49 damage)
             ... with damnation
             ... on level 2 of the Orcish Mines on July 31, 2023.
             The game lasted 03:40:10 (19983 turns).

Esekla the Eclecticist (Deep Elf Necromancer)      Turns: 19983, Time: 03:40:11

Health: -2/84      AC: 15    Str:  5    XL:     14   Next: 80%
Magic:  25/39      EV: 16    Int: 31    God:    Vehumet [*****.]
Gold:   2330       SH:  0    Dex: 15    Spells: 9/51 levels left

rFire   + . .        a - +12 pair of quick blades "Gyre" and "Gimble" {protect}
rCold   + + .        (shield currently unavailable)
rNeg    . . .        R - +1 troll leather armour
rPois   +            N - +1 helmet
rElec   .            k - +1 cloak
rCorr   .            S - +2 pair of gloves "Seteklek" {rF+ rC+}
SInv    .            W - +1 pair of boots {rampage}
Will    +....        d - amulet of magic regeneration
Stlth   ++           P - ring of Descent {rPois rC+ Int+5 Stlth-}
HPRegen 1.14/turn    V - ring of the Mage {Wiz Archmagi}
MPRegen 0.66/turn

%: rampage, wizardry (x1), archmagi
@: studying Fighting
A: no striking features
a: Renounce Religion


You were on level 2 of the Orcish Mines.
You worshipped Vehumet.
Vehumet was extremely pleased with you.
You visited 3 branches of the dungeon, and saw 19 of its levels.
You also visited: Trove and Bailey.

You collected 3044 gold pieces.
You spent 714 gold pieces at shops.

Inventory:

Hand Weapons
 a - the +12 pair of quick blades "Gyre" and "Gimble" (weapon) {protect}
   (You found it in a treasure trove)
 c - a +5 scimitar
 q - a +5 long sword
 r - a +4 trident of venom
 w - a +0 dagger of holy wrath
Missiles
 B - 57 poisoned darts
 G - 6 throwing nets
 H - 6 curare-tipped darts
 M - 4 javelins
 Q - 8 boomerangs (quivered)
Armour
 k - a +1 cloak (worn)
 F - a +0 buckler
 N - a +1 helmet (worn)
 R - a +1 troll leather armour (worn)
 S - the +2 pair of gloves "Seteklek" (worn) {rF+ rC+}
   (You found it in a treasure trove)

   rF:        It protects you from fire.
   rC:        It protects you from cold.
 W - a +1 pair of boots of rampaging (worn)
Jewellery
 d - an amulet of magic regeneration (around neck)
 g - a ring of willpower
 j - an amulet of reflection
 s - the ring of Akemeir {Fire Str+4}
   (You found it in a treasure trove)

   [ring of fire]

   It enhances your fire magic.
   Str:       It affects your strength (+4).
   rF:        It protects you from fire.
   rC:        It makes you vulnerable to cold.
 O - a ring of magical power
 P - the ring of Descent (left hand) {rPois rC+ Int+5 Stlth-}
   (You found it in a treasure trove)

   [ring of protection from cold]

   Int:       It affects your intelligence (+5).
   rC:        It protects you from cold.
   rPois:     It protects you from poison.
   Stlth:     It makes you less stealthy.
 V - the ring of the Mage (right hand) {Wiz Archmagi}
   (You bought it in a shop on level 2 of the Dungeon)

   [ring of wizardry]

   It improves your spell success rate.
   Archmagi:  It increases the power of your magical spells.
 X - a ring of ice
Wands
 m - a wand of flame (25)
 u - a wand of quicksilver (3)
 x - a wand of roots (25)
 K - a wand of mindburst (7)
 Z - a wand of digging (9)
Scrolls
 f - 7 scrolls of teleportation
 i - a scroll of summoning {unknown}
 p - 2 scrolls of magic mapping
 t - 3 scrolls of acquirement
 v - 2 scrolls of silence
 y - 2 scrolls of blinking
 D - a scroll of vulnerability {unknown}
 E - 2 scrolls of fear
 J - 2 scrolls of poison
 T - 4 scrolls of enchant weapon
 U - 2 scrolls of fog
Potions
 b - 3 potions of magic
 e - 7 potions of attraction
 h - 3 potions of heal wounds
 l - 3 potions of flight
 n - a potion of might {unknown}
 o - 3 potions of lignification
 z - 5 potions of curing
 A - 6 potions of haste
 C - 2 potions of ambrosia
 I - a potion of cancellation {unknown}
 L - a potion of resistance {unknown}
 Y - 3 potions of brilliance


   Skills:
 * Level 8.4 Fighting
 + Level 4.0(4.3) Short Blades
 + Level 2.1(3.1) Long Blades
 + Level 1.2 Throwing
 + Level 4.6 Armour
 * Level 10.3 Dodging
 + Level 5.6 Stealth
 - Level 3.1 Shields
 * Level 19.4 Spellcasting
 + Level 6.0 Conjurations
 + Level 11.9 Necromancy
 + Level 4.2 Translocations
 + Level 5.6 Transmutations
 + Level 6.8 Fire Magic
 * Level 5.3 Ice Magic
 + Level 5.3 Air Magic
 - Level 5.3 Poison Magic
 + Level 1.3 Evocations


You had 9 spell levels left.
You knew the following spells:

 Your Spells              Type           Power      Damage    Failure   Level
c - Mephitic Cloud        Conj/Pois/Air  77%        N/A       1%          3
d - Vampiric Draining     Necr           100%       2d13      1%          3
e - Searing Ray           Conj           100%       2d8       1%          2
f - Flame Wave            Conj/Fire      81%        2d18      1%          4
k - Shock                 Conj/Air       100%       1d9       1%          1
l - Plasma Beam           Fire/Air       40%        2x1d59    3%          6
n - Ignite Poison         Fire/Tmut/Pois 79%        N/A       1%          3
t - Teleport Other        Tloc           71%        N/A       1%          3
v - Poisonous Vapours     Pois/Air       100%       N/A       1%          2
w - Wereblood             Tmut           78%        N/A       1%          2
x - Olgreb's Toxic Radia  Pois           76%        N/A       1%          4
y - Sticky Flame          Conj/Fire      81%        2d9       1%          4
z - Freezing Cloud        Conj/Ice/Air   38%        6-21      1%          5

Your spell library contained the following spells:

 Spells                   Type           Power      Damage    Failure   Level
 Iron Shot                Conj/Erth      32%        9d7       10%         6
 Necrotise                Necr           100%       1d9       0%          1
 Sublimation of Blood     Necr           100%       N/A       0%          2
 Foxfire                  Conj/Fire      100%       2x1d9     1%          1
 Sandblast                Erth           90%        2d19      1%          1
 Lesser Beckoning         Tloc           100%       N/A       1%          2
 Gell's Gravitas          Tloc           71%        N/A       1%          3
 Hailstorm                Conj/Ice       78%        3d16      1%          3
 Portal Projectile        Hex/Tloc       100%       N/A       1%          3
 Spider Form              Tmut/Pois      77%        N/A       1%          3
 Vhi's Electric Charge    Tloc/Air       100%       N/A       1%          3
 Animate Dead             Necr           100%       N/A       1%          4
 Manifold Assault         Tloc           71%        N/A       1%          4
 Passage of Golubria      Tloc           71%        N/A       1%          4
 Agony                    Necr           100%       N/A       1%          5
 Fireball                 Conj/Fire      40%        3d16      1%          5
 Summon Ice Beast         Ice/Summ       63%        N/A       2%          4
 Starburst                Conj/Fire      40%        6d12      2%          6
 Cause Fear               Hex            22%        N/A       8%          4
 Silence                  Hex/Air        31%        N/A       8%          5
 Summon Mana Viper        Hex/Summ       45%        N/A       21%         5
 Dispersal                Tloc           35%        N/A       21%         6
 Ignition                 Fire           41%        3d12      54%         8
 Lehudib's Crystal Spear  Conj/Erth      32%        10d8      94%         8
 Summon Hydra             Summ           22%        N/A       99%         7
 Disjunction              Tloc           35%        N/A       100%        8


Dungeon Overview and Level Annotations

Branches:
Dungeon (12/15)            Temple (0/1) D:6            Lair (5/5) D:11
 Shoals (0/4) Lair:2       Spider (0/4) Lair:3        Slime (0/5) Lair:5
    Orc (2/2) D:10            Elf (0/3) Orc:2        Bailey (visited)

Altars:
Dithmenos
Fedhas
Hepliaklqana
Nemelex Xobeh
Okawaru
Qazlal
Ru
Trog
Uskayaw
Vehumet
Zin
The Shining One
Jiyva

Shops:
D:2 =   D:4 (   D:11 *   Orc:2 **

Annotations:
D:10 earth elemental
Orc:2 Azrael


Message History

You feel your power returning.
The orc sorcerer seems to burn from within!!
The orc sorcerer is almost dead.
The orc high priest is poisoned.
You kill the orc sorcerer!
Vehumet accepts your kill.
You feel your power returning.
The orc high priest is engulfed in blazing flames.
You kill the orc high priest!
Vehumet accepts your kill.
You feel your power returning.
Your Conjurations skill increases to level 6!
Things that are here:
a +0 dire flail; a +0 plate armour Your toxic aura wanes.
Azrael gestures at you.
The sphere of damnation explodes!
The damnation engulfs you!!
You hear a bark! x2
Okay, then.
Blink to where?
Press: ? - help, Dir - move target, p - Azrael
As you read the scroll of blinking, it crumbles to dust.
You howl as the wereblood boils in your veins!
Your primal bloodlust is almost over.
You howl as the wereblood boils in your veins!
Azrael gestures at you. The bolt of fire hits you! You resist.
You see here a +0 whip.
Your primal bloodlust has ended.
Things that are here:
a +0 battleaxe; a +0 chain mail
Casting: Ignite Poison (safe; 1% risk of failure)
Confirm with . or Enter, or press ? or * to list all spells.
Aiming: Freezing Cloud (dangerous; 1% risk of failure)
Press: ? - help, Dir - move target You feel a surge of power!
Azrael is engulfed in freezing vapours.
Azrael gestures at you.
The sphere of damnation explodes!
The damnation engulfs you!!!
Ouch! That really hurt!
You die...

..##.#.........###))###..........
.#.####.......###..#####.........
#### ##.#....###..###.###........
# ##......###).###§.§###....... #
#......###.)###§#R#.###......
##.#..###..###§§§#○..###...#.
#######..###)§§###.).###...#
##..###..§##.##...###.##
##.).).)@)##...##..)####
##....#...## #..##R))##
##...#....## #..##○#)## ###
##∩.#.)...## #.)○....## ..#
#....)#..## ##R#))...# ..#
##∩.#...).## #..))§..## ###
##...#....## #..##.#.## #
##.)))#...## #..##)..## #
##.)).))..# .).##...#


You could see Azrael.

Vanquished Creatures
  Rupert (Lair:4)
  An orc warlord (Orc:2)
  2 fire dragons (Lair:5)
  Harold (D:9)
  2 boulder beetles (Lair:2)
  A demonspawn (Orc:2)
  3 hydras
  A catoblepas (Lair:5)
  3 two-headed ogres
  2 orc high priests (Orc:2)
  Lodul (D:11)
  A skyshark (Lair:4)
  Pikel (D:6)
  A swamp dragon (Lair:5)
  2 lindwurms (Lair:5)
  An oklob plant (Lair:5)
  An ugly thing (D:12)
  6 orc knights
  7 cyclopes
  7 orc sorcerers (Orc:2)
  Joseph (D:7)
  A merfolk siren (Lair:2)
  2 black mambas
  9 elephants (Lair:5)
  6 torpor snails
  A smoke demon (Orc:2)
  2 gargoyles
  11 cane toads
  Psyche (D:11)
  3 rime drakes
  15 komodo dragons
  A kobold demonologist (D:9)
  2 merfolk (Lair:2)
  A red devil (Orc:2)
  3 tyrant leeches (Lair:5)
  A polar bear (D:11)
  6 trolls
  9 hornets
  5 blink frogs (Lair:1)
  4 centaur simulacra (D:11)
  A vampire (D:12)
  A culicivora (Lair:3)
  A wraith (D:12)
  12 spriggans (Lair:3)
  5 basilisks
  33 yaks
  A chaos spawn (Orc:2)
  2 fire elementals (Orc:2)
  3 steam dragons
  5 wyverns
  Menkaure (D:7)
  2 wargs (Orc:2)
  A hell hound (Orc:2)
  2 acid dragons (Lair:5)
  6 ice beasts
  14 water moccasins
  2 swamp drakes (Lair:5)
  A sky beast (D:6)
  37 orc warriors
  2 black bears
  14 ogres
  2 centaurs
  3 boggarts (Lair:3)
  12 wolves
  A phantom (D:7)
  Blork the orc (D:6)
  4 kobold brigands
  4 gnoll sergeants
  10 bullfrogs
  3 scorpions
  10 wights
  21 killer bees
  2 howler monkeys (D:10)
  An electric eel (D:11)
  A quasit (D:8)
  2 gnoll boudas
  6 hounds
  A jelly (D:6)
  Crazy Yiuf (D:7)
  25 orc priests
  7 iguanas
  A sleepcap (D:5)
  12 hell rats
  13 orc wizards
  28 gnolls
  8 adders
  3 shadow imps (D:8)
  9 white imps
  4 ufetubi
  A worm (D:4)
  3 dart slugs
  80 orcs
  6 ball pythons
  4 bats
  4 endoplasms
  9 goblins
  7 hobgoblins
  A quokka (D:2)
  4 frilled lizards
  21 kobolds
  A rat (D:2)
611 creatures vanquished.

Notes
Turn   | Place    | Note
-------+----------+-------------------------------------------
     0 | D:1      | Esekla the Deep Elf Necromancer began the quest for the
                  | Orb.
     0 | D:1      | Reached XP level 1. HP: 10/10 MP: 6/6
   148 | D:1      | Reached skill level 5 in Necromancy
   158 | D:1      | Reached XP level 2. HP: 15/15 MP: 8/8
   317 | D:4      | Found a radiant altar of Vehumet.
   321 | D:4      | Became a worshipper of Vehumet
   331 | D:4      | Found an iron altar of Okawaru.
   342 | D:4      | Found a glowing silver altar of Zin.
   637 | D:4      | Found a glowing golden altar of the Shining One.
   768 | D:4      | Found Ponaysk's Antique Weapon Boutique.
   949 | D:5      | Entered Level 5 of the Dungeon
  1122 | D:4      | Reached XP level 3. HP: 9/19 MP: 9/9
  1193 | D:4      | Learned a level 3 spell: Vampiric Draining
  1387 | D:4      | Reached skill level 1 in Short Blades
  1550 | D:3      | Reached XP level 4. HP: 22/24 MP: 4/11
  1835 | D:4      | HP: 1/24 [gnoll/+0 spear[a gnoll bouda] (3)]
  1913 | D:5      | Reached skill level 4 in Spellcasting
  2043 | D:5      | Got the Parchment of the Lumpy Olives
  2052 | D:5      | Found a shadowy altar of Dithmenos.
  2123 | D:5      | Reached XP level 5. HP: 28/28 MP: 7/13
  2218 | D:4      | Reached * piety under Vehumet
  2218 | D:4      | Offered knowledge of Shock by Vehumet.
  2233 | D:4      | Learned a level 1 spell: Shock
  2697 | D:3      | Identified the +5 rapier of the Hero {heavy, rN+ Dex+3}
  3002 | D:2      | Noticed a black bear
  3020 | D:2      | Killed a black bear
  3021 | D:2      | Reached skill level 5 in Spellcasting
  3021 | D:2      | Reached XP level 6. HP: 32/32 MP: 10/16
  3465 | D:2      | Found Renulab's Jewellery Shop.
  3624 | D:2      | Reached skill level 1 in Conjurations
  3776 | D:2      | Found a faded altar of an unknown god.
  3813 | D:2      | Reached skill level 1 in Air Magic
  4018 | D:3      | Found a stormy altar of Qazlal.
  4020 | D:3      | Found a bloodstained altar of Trog.
  4022 | D:3      | Found a hazy altar of Hepliaklqana.
  4438 | D:5      | Reached ** piety under Vehumet
  4438 | D:5      | Offered knowledge of Sandblast by Vehumet.
  4439 | D:5      | Reached XP level 7. HP: 13/36 MP: 9/17
  4452 | D:5      | Learned a level 3 spell: Teleport Other
  4653 | D:5      | Reached skill level 6 in Spellcasting
  4653 | D:5      | Reached skill level 1 in Translocations
  4983 | D:5      | Learned a level 1 spell: Sandblast
  5264 | D:6      | Reached skill level 7 in Spellcasting
  5266 | D:6      | Found a staircase to the Ecumenical Temple.
  5326 | D:6      | Reached XP level 8. HP: 37/41 MP: 13/20
  5499 | D:6      | Noticed Pikel
  5523 | D:6      | Killed Pikel
  5524 | D:6      | Reached skill level 5 in Dodging
  5524 | D:6      | Reached skill level 8 in Spellcasting
  5656 | D:6      | Offered knowledge of Searing Ray by Vehumet.
  5683 | D:6      | Found a blossoming altar of Fedhas.
  5790 | D:6      | Noticed Blork the orc
  5799 | D:6      | Killed Blork the orc
  5877 | D:6      | Learned a level 2 spell: Searing Ray
  5914 | D:7      | Reached *** piety under Vehumet
  5974 | D:7      | Noticed Joseph
  5997 | D:7      | Reached XP level 9. HP: 28/45 MP: 19/23
  6006 | D:7      | Killed Joseph
  6007 | D:7      | Reached skill level 9 in Spellcasting
  6216 | D:7      | Noticed Menkaure
  6223 | D:7      | Killed Menkaure
  6307 | D:7      | Reached skill level 1 in Shields
  6329 | D:7      | Found a runed translucent door.
  6330 | D:7      | Noticed Crazy Yiuf
  6339 | D:7      | Killed Crazy Yiuf
  6453 | D:7      | Reached skill level 1 in Evocations
  6600 | D:8      | Noticed a two-headed ogre
  6785 | D:8      | Offered knowledge of Olgreb's Toxic Radiance by Vehumet.
  6793 | D:8      | Killed a two-headed ogre
  6794 | D:8      | Reached skill level 1 in Long Blades
  6794 | D:8      | Reached skill level 1 in Throwing
  6794 | D:8      | Reached skill level 10 in Spellcasting
  6849 | D:8      | Reached XP level 10. HP: 50/50 MP: 26/26
  6864 | D:8      | Learned a level 4 spell: Olgreb's Toxic Radiance
  6938 | D:8      | Reached **** piety under Vehumet
  7037 | D:8      | Offered knowledge of Flame Wave by Vehumet.
  7201 | D:8      | Found a hide-covered altar of Uskayaw.
  7236 | D:8      | Found a transporter.
  7236 | D:8      | Found a transporter.
  7239 | D:8      | Found a transporter.
  7265 | D:8      | Found a transporter.
  7316 | D:8      | Reached skill level 5 in Conjurations
  7316 | D:8      | Reached skill level 1 in Poison Magic
  7855 | D:9      | Noticed a two-headed ogre
  7996 | D:9      | Found a flagged portal.
  8019 | Bailey   | Entered a bailey
  8095 | Bailey   | Learned a level 4 spell: Flame Wave
  8152 | Bailey   | Identified the +2 bardiche of Puhoisos {heavy, rElec
                  | Stlth+}
  8323 | Bailey   | Noticed an orc knight
  8323 | Bailey   | Noticed an orc knight
  8361 | Bailey   | Killed an orc knight
  8441 | Bailey   | Killed an orc knight
  8441 | Bailey   | Reached ***** piety under Vehumet
  8442 | Bailey   | Reached skill level 11 in Spellcasting
  8601 | D:9      | Reached skill level 10 in Necromancy
  8650 | D:9      | Reached skill level 1 in Fighting
  8654 | D:9      | Offered knowledge of Plasma Beam by Vehumet.
  8746 | D:9      | Learned a level 6 spell: Plasma Beam
  8786 | D:9      | Found a sparkling altar of Nemelex Xobeh.
  8815 | D:9      | Noticed Harold
  8829 | D:9      | Killed Harold
  8830 | D:9      | Reached skill level 12 in Spellcasting
  8905 | D:9      | Noticed a cyclops
  8913 | D:9      | Killed a cyclops
  8914 | D:9      | Reached XP level 11. HP: 39/57 MP: 29/29
  8970 | D:9      | Killed a two-headed ogre
  9689 | D:10     | Entered Level 10 of the Dungeon
  9718 | D:10     | Reached skill level 1 in Fire Magic
  9759 | D:10     | Reached skill level 13 in Spellcasting
 10043 | D:10     | Reached skill level 5 in Poison Magic
 10044 | D:10     | Offered knowledge of Starburst by Vehumet.
 10130 | D:10     | Found a staircase to the Orcish Mines.
 10192 | D:10     | Found a sacrificial altar of Ru.
 10394 | Orc:1    | Entered Level 1 of the Orcish Mines
 10396 | Orc:1    | Noticed an orc knight
 10885 | D:2      | Bought the ring of the Mage {Wiz Archmagi} for 714 gold
                  | pieces
 10885 | D:2      | Found the ring of the Mage {Wiz Archmagi}
 11109 | D:11     | Noticed Lodul
 11360 | D:11     | Reached skill level 14 in Spellcasting
 11395 | D:11     | Found a staircase to the Lair.
 12136 | D:11     | Reached XP level 12. HP: 67/67 MP: 31/32
 12162 | D:11     | Found Fagafuf's Pet Rocks.
 12346 | D:11     | Killed Lodul
 12347 | D:11     | Reached skill level 15 in Spellcasting
 12421 | D:11     | Reached skill level 1 in Armour
 12560 | D:11     | Got Simple Magic
 12605 | D:11     | Noticed Psyche
 12607 | D:11     | Killed Psyche
 12607 | D:11     | Noticed a two-headed ogre
 12608 | D:11     | Reached skill level 5 in Fighting
 12621 | D:11     | Killed a two-headed ogre
 13053 | D:12     | Found a portal to a secret trove of treasure.
 13076 | Trove    | Entered a treasure trove
 13081 | Trove    | Found the +8 mithril axe "Arga" {speed, Will+}
 13081 | Trove    | Found the +12 pair of quick blades "Gyre" and "Gimble"
                  | {protect}
 13085 | Trove    | Identified the ring of Akemeir {Fire Str+4}
 13088 | Trove    | Identified the +2 pair of gloves "Seteklek" {rF+ rC+}
 13111 | Trove    | Identified the +3 ring mail "Poady" {+Inv rF+ Dex+2 Slay-4}
 13114 | Trove    | Identified the ring of Descent {rPois rC+ Int+5 Stlth-}
 13294 | D:12     | Learned a level 2 spell: Wereblood
 13771 | D:12     | Learned a level 3 spell: Mephitic Cloud
 13777 | D:12     | Learned a level 5 spell: Freezing Cloud
 13780 | D:12     | Learned a level 2 spell: Poisonous Vapours
 13985 | Lair:1   | Entered Level 1 of the Lair of Beasts
 14164 | Lair:1   | Reached skill level 16 in Spellcasting
 14257 | Lair:1   | Reached skill level 1 in Transmutations
 14369 | Lair:1   | Reached skill level 1 in Ice Magic
 15112 | Lair:2   | Reached skill level 5 in Fire Magic
 15316 | Lair:2   | Found a staircase to the Shoals.
 15369 | Lair:2   | Found a transporter.
 15371 | Lair:2   | Found a transporter.
 15372 | Lair:2   | Noticed a boulder beetle
 15372 | Lair:2   | Noticed a boulder beetle
 15456 | Lair:2   | Reached XP level 13. HP: 74/74 MP: 25/35
 16040 | Lair:3   | Found a hole to the Spider Nest.
 16105 | Lair:3   | Reached skill level 5 in Stealth
 16307 | Lair:3   | Identified the +3 leather armour of Okawaru's Inspiration
                  | {Str+4}
 16511 | Lair:3   | Reached skill level 17 in Spellcasting
 16785 | Lair:4   | Noticed Rupert
 17105 | Lair:4   | Learned a level 3 spell: Ignite Poison
 17110 | Lair:4   | Learned a level 4 spell: Sticky Flame
 17118 | Lair:4   | Paralysed by Rupert for 4 turns
 17132 | Lair:4   | Killed Rupert
 17870 | Lair:5   | Entered Level 5 of the Lair of Beasts
 18009 | Lair:5   | Reached skill level 18 in Spellcasting
 18028 | Lair:5   | Reached XP level 14. HP: 82/82 MP: 22/38
 18215 | Lair:5   | Reached skill level 5 in Air Magic
 18533 | Lair:5   | Found a runed translucent door.
 18733 | Lair:5   | Found a viscous altar of Jiyva.
 18733 | Lair:5   | Found a staircase to the Slime Pits.
 18928 | Lair:5   | Got Utragud's Papyrus of the Inquisitive Olives
 19358 | Orc:2    | Entered Level 2 of the Orcish Mines
 19609 | Orc:2    | Reached skill level 5 in Transmutations
 19627 | Orc:2    | Found Roezostra's General Store.
 19635 | Orc:2    | Found Bamnuus's General Store.
 19648 | Orc:2    | Offered knowledge of Iron Shot by Vehumet.
 19649 | Orc:2    | Reached skill level 10 in Dodging
 19696 | Orc:2    | Reached skill level 19 in Spellcasting
 19761 | Orc:2    | Noticed an orc warlord
 19778 | Orc:2    | Killed an orc warlord
 19779 | Orc:2    | Reached skill level 5 in Ice Magic
 19805 | Orc:2    | Found a staircase to the Elven Halls.
 19968 | Orc:2    | Noticed Azrael
 19983 | Orc:2    | Killed from afar by Azrael

Illustrated notes

Levels and vault maps discovered:
D:1:      sevenhm_arrival_forest_fort_small_3, layout_rooms,
          chequers_serial_rivers_room_b, minmay_misc_feat_five
D:2:      layout_loops_ring, dreamdust_ecumenical_altar_angels_and_demons,
          serial_shops, shop
D:3:      layout_basic, grunt_temple_overflow_open, minmay_misc_feat_iff
D:4:      layout_basic, nicolae_overflow_quartered_altars, serial_shops,
          nicolae_diamond_shop
D:5:      layout_loops_ring, lemuel_doored_altar, minmay_misc_feat_rows,
          dreamdust_wishing_well
D:6:      layout_loops_cross, fedhas_altar_fruit_tree,
          minmay_temple_entry_glass, uniq_pikel, uniq_blork_the_orc
D:7:      layout_basic, uniq_menkaure, uniq_joseph, uniq_crazy_yiuf_cottage
D:8:      layout_basic, nicolae_uskayaw_dance_hall, serial_demonic,
          serial_demonic_d, serial_demonic_a, serial_demonic_c,
          serial_demonic_c, nicolae_diode_quadrants
D:9:      layout_irregular_city, kennysheep_little_box, enter_bailey_4,
          minmay_between, uniq_harold
D:10:     layout_basic, nicolae_ru_awakened_eye
D:11:     layout_rooms, hellmonk_lair_entry_icy, serial_ice, serial_ice_j,
          serial_ice_m, serial_ice_o, serial_ice_c, serial_ice_g, serial_ice_f,
          guppyfry_shop_earth, uniq_psyche, uniq_lodul
D:12:     layout_roguey, nicolae_trove_entry_crossroad
Lair:1:   layout_small_grid
Lair:2:   gammafunk_boulding_lane, layout_small_grid, elwin_shoals_entry_rooms
Lair:3:   kb_forest_paths, layout_chaotic_city, spider_nest_entry_rubble
Lair:4:   layout_hall_layers, grunt_megastairs_3, lemuel_fruit_fields,
          uniq_rupert
Lair:5:   guppyfry_lair_end_dragon, layout_misc_corridors, wormcave,
          dpeg_slime_entry_enclosed
Orc:1:    layout_caves
Orc:2:    pf_orc_diabolical, layout_diamond_mine, uniq_azrael

Skill      XL: |  1  2  3  4  5  6  7  8  9 10 11 12 13 14 |
---------------+-------------------------------------------+-----
Necromancy     | 5 6 7 8 9 10 11 | 11.9
Dodging        | 3 4 5 6 7 8 9 10 | 10.3
Short Blades   | 1 2 3 4 |  4.0
Spellcasting   | 4 5 7 8 10 12 14 16 18 19 | 19.4
Stealth        | 3 4 5 |  5.6
Conjurations   | 1 2 3 4 5 6 |  6.0
Air Magic      | 1 2 4 5 |  5.3
Translocations | 1 2 3 4 |  4.2
Shields        | 2 3 |  3.1
Evocations     | 1 |  1.3
Long Blades    | 1 2 |  2.1
Throwing       | 1 |  1.2
Poison Magic   | 4 5 |  5.3
Fighting       | 2 4 6 7 8 |  8.4
Fire Magic     | 3 5 6 |  6.8
Armour         | 2 3 4 |  4.6
Transmutations | 2 3 5 |  5.6
Ice Magic      | 2 4 5 |  5.3

Action                     |  1- 3 |  4- 6 |  7- 9 | 10-12 | 13-15 || total
---------------------------+-------+-------+-------+-------+-------++-------
  Melee: Short sword       |    23 |       |       |       |       ||    23
         Unarmed           |     9 |       |       |       |       ||     9
         Dagger            |    78 |   162 |   101 |       |       ||   341
         Punch             |     1 |     1 |     3 |       |       ||     5
         Scimitar          |       |       |    24 |    61 |       ||    85
         Rapier            |       |       |     1 |     4 |       ||     5
         Pair of quick bla |       |       |       |    55 |   162 ||   217
  Throw: Dart              |       |       |    19 |    16 |       ||    35
         Boomerang         |       |       |       |     3 |    17 ||    20
   Cast: Vampiric Draining |     8 |    37 |    72 |    84 |    35 ||   236
         Shock             |       |    14 |     3 |       |       ||    17
         Teleport Other    |       |       |     5 |     7 |       ||    12
         Searing Ray       |       |       |     8 |    62 |     3 ||    73
         Olgreb's Toxic Ra |       |       |       |    75 |    44 ||   119
         Poisonous Vapours |       |       |       |    16 |    96 ||   112
         Freezing Cloud    |       |       |       |    16 |    40 ||    56
         Wereblood         |       |       |       |     4 |    14 ||    18
         Plasma Beam       |       |       |       |     4 |     2 ||     6
         Mephitic Cloud    |       |       |       |     1 |    10 ||    11
         Ignite Poison     |       |       |       |       |    61 ||    61
         Sticky Flame      |       |       |       |       |    11 ||    11
  Evoke: Wand              |       |     3 |    16 |     2 |       ||    21
    Use: Potion            |     3 |       |     4 |     3 |       ||    10
         Scroll            |     2 |     1 |     8 |    12 |     7 ||    30
   Stab: Sleeping          |     1 |     5 |     4 |     5 |     2 ||    17
         Confused          |       |       |       |       |    10 ||    10
 Armour: Robe              |    26 |    36 |    30 |     7 |       ||    99
         Steam dragon scal |       |       |       |    53 |       ||    53
         Troll leather arm |       |       |       |     9 |    47 ||    56
  Dodge: Dodged            |    87 |   120 |   127 |   179 |    73 ||   586
  Block: Buckler           |       |       |       |    60 |       ||    60
